PCL
DISTRICT 9 PRAWNS @ HOUSTON HAMMERTIME
08/06/2026
 
TOP OF THE 1ST
District 9 Prawns batting - Pitching for Houston Hammertime : RHP Norberto Méndez
Pitching: RHP Norberto Méndez
Batting: RHB Félix Sánchez 0-0: Ball
1-0: Ball
2-0: Called Strike
2-1: Foul Ball, location: 2F
2-2: Strikes out swinging
Batting: SHB Mark Pope 0-0: Called Strike
0-1: Ball
1-1: Foul Ball, location: 2F
1-2: Ball
2-2: Foul Ball, location: 2F
2-2: Ball
3-2: Fly out, F9 (Flyball, 89M)
Batting: LHB Leonard Harvey 0-0: Called Strike
0-1: Called Strike
0-2: Foul Ball, location: 2F
0-2: Ball
1-2: Ball
2-2: Foul Ball, location: 2F
2-2: SINGLE (Groundball, 34D)
Batting: RHB Jesús Cruz 0-0: DOUBLE (Flyball, 8RXD)
Leonard Harvey to third
Runner from 3rd tries for Home, SAFE, no throw or cutoff
Batting: RHB Lateef Makini 0-0: Foul Ball, location: 2F
0-1: Ball
1-1: Ball
2-1: Swinging Strike
2-2: Ball
3-2: Foul Ball, location: 2F
3-2: Base on Balls
Batting: LHB Leonard Young 0-0: Foul Ball, location: 2F
0-1: Called Strike
0-2: SINGLE (Line Drive, 4MD)
Jesús Cruz to third
Lateef Makini to second
Runner from 3rd tries for Home, SAFE, no throw or cutoff
Batting: RHB Brian Jackson 0-0: Called Strike
0-1: Called Strike
0-2: Strikes out swinging
Top of the 1st over - 2 run(s), 3 hit(s), 0 error(s), 2 left on base; District 9 2 - Houston 0
BOTTOM OF THE 1ST
Houston Hammertime batting - Pitching for District 9 Prawns : RHP Jeff Townsend
Pitching: RHP Jeff Townsend
Batting: LHB Fernando Camacho 0-0: Ball
1-0: Called Strike
1-1: Ball
2-1: Ball
3-1: Base on Balls
Batting: RHB Pepe González 0-0: Swinging Strike
0-1: Swinging Strike
0-2: Foul Ball, location: 2F
0-2: Ball
1-2: Ball
2-2: Ball
3-2: SINGLE (Groundball, 56D)
Fernando Camacho to second
Batting: RHB Mario Beltrán 0-0: Swinging Strike
0-1: Ball
Passed Ball!
Fernando Camacho to third
Pepe González to second
1-1: Ball
2-1: Foul Ball, location: 2F
2-2: Ball
3-2: Strikes out swinging
Batting: LHB Juan Cabañas 0-0: DOUBLE (Line Drive, 8RD)
Fernando Camacho scores
Pepe González scores
Batting: RHB Richard Coker 0-0: Ball
1-0: Ball
2-0: Foul Ball, location: 2F
2-1: Ball
3-1: Foul Ball, location: 2F
3-2: Foul Ball, location: 2F
3-2: Base on Balls
Batting: RHB Santo Cruz 0-0: Called Strike
0-1: Called Strike
0-2: Ball
1-2: Strikes out swinging
Batting: LHB Pat Jones 0-0: Called Strike
0-1: Ball
1-1: Ball
2-1: Ball
3-1: Called Strike
3-2: Foul Ball, location: 2F
3-2: Foul Ball, location: 2F
3-2: Foul Ball, location: 2F
3-2: Base on Balls
Juan Cabañas to third
Richard Coker to second
Batting: LHB José Villegas 0-0: Foul Ball, location: 2F
0-1: Ball
1-1: SINGLE (Groundball, 4MD)
Juan Cabañas scores
Richard Coker to third
Pat Jones to second
Runner from 3rd tries for Home, SAFE, no throw or cutoff
Batting: LHB Bartolo Villanueva 0-0: DOUBLE (Line Drive, 8RM)
Pat Jones scores
José Villegas to third
Runner from 3rd tries for Home, SAFE, no throw or cutoff
Batting: LHB Fernando Camacho 0-0: Foul Ball, location: 2F
0-1: SINGLE (Groundball, 4D)
Bartolo Villanueva to third
Runner from 3rd tries for Home, SAFE, no throw or cutoff
Batting: RHB Pepe González 0-0: Ball
1-0: Ball
2-0: Foul Ball, location: 2F
2-1: Foul Ball, location: 2F
2-2: Fly out, F8 (Line Drive, 8RM)
Bottom of the 1st over - 7 run(s), 5 hit(s), 0 error(s), 1 left on base; District 9 2 - Houston 7
TOP OF THE 2ND
District 9 Prawns batting - Pitching for Houston Hammertime : RHP Norberto Méndez
Batting: RHB Lúcio García 0-0: Foul Ball, location: 2F
0-1: Ground out 5-3 (Groundball, 56)
Batting: RHB Tony Guzmán 0-0: Ball
1-0: Ball
2-0: Ground out 6-3 (Groundball, 6)
Batting: RHB Félix Sánchez 0-0: Ball
1-0: Called Strike
1-1: Ground out 6-3 (Groundball, 6)
Top of the 2nd over - 0 run(s), 0 hit(s), 0 error(s), 0 left on base; District 9 2 - Houston 7
BOTTOM OF THE 2ND
Houston Hammertime batting - Pitching for District 9 Prawns : RHP Jeff Townsend
Batting: RHB Mario Beltrán 0-0: Foul Ball, location: 2F
0-1: Called Strike
0-2: Ball
1-2: Foul Ball, location: 2F
1-2: Ground out 4-3 (Groundball, 4)
Batting: LHB Juan Cabañas 0-0: Called Strike
0-1: Fly out, F7 (Flyball, 7LS)
Batting: RHB Richard Coker 0-0: Called Strike
0-1: Ball
1-1: SINGLE (Line Drive, 89M)
Batting: RHB Santo Cruz 0-0: Ball
1-0: Foul Ball, location: 2F
1-1: Fly out, F6 (Popup, 4MD)
Bottom of the 2nd over - 0 run(s), 1 hit(s), 0 error(s), 1 left on base; District 9 2 - Houston 7
TOP OF THE 3RD
District 9 Prawns batting - Pitching for Houston Hammertime : RHP Norberto Méndez
Batting: SHB Mark Pope 0-0: Ball
1-0: Ball
2-0: Foul Ball, location: 2F
2-1: Ball
3-1: Foul Ball, location: 2F
3-2: DOUBLE (Line Drive, 78M)
Batting: LHB Leonard Harvey 0-0: Called Strike
0-1: Ball
1-1: Ball
2-1: Ball
3-1: Swinging Strike
3-2: Fly out, F8 (Flyball, 8LD)
Runner from 2nd tags up, SAFE at 3rd, no throw
Batting: RHB Jesús Cruz 0-0: Foul Ball, location: 2F
0-1: Called Strike
0-2: Ball
1-2: SINGLE (Popup, 6MD)
Mark Pope scores
Batting: RHB Lateef Makini 0-0: Ball
1-0: Foul Ball, location: 2F
1-1: Grounds into double play, 6-4-3 (Groundball, 6)
Top of the 3rd over - 1 run(s), 2 hit(s), 0 error(s), 0 left on base; District 9 3 - Houston 7
BOTTOM OF THE 3RD
Houston Hammertime batting - Pitching for District 9 Prawns : RHP Jeff Townsend
Batting: LHB Pat Jones 0-0: Ball
1-0: Foul Ball, location: 2F
1-1: Foul Ball, location: 2F
1-2: Ground out 4-3 (Groundball, 4M)
Batting: LHB José Villegas 0-0: Called Strike
0-1: Ball
1-1: Ball
2-1: Bunt missed!
2-2: DOUBLE (Flyball, 78M)
Batting: LHB Bartolo Villanueva 0-0: Called Strike
0-1: Swinging Strike
0-2: Ball
1-2: Foul Ball, location: 2F
1-2: Strikes out swinging
Pitching: RHP Doug Adams
Batting: LHB Fernando Camacho 0-0: Ball
1-0: Ball
2-0: Ball
3-0: Called Strike
3-1: Base on Balls
Batting: RHB Pepe González 0-0: Called Strike
0-1: Foul Ball, location: 2F
0-2: Ball
1-2: Fielders Choice at 2nd, U4 (Groundball, 4M)
Bottom of the 3rd over - 0 run(s), 1 hit(s), 0 error(s), 2 left on base; District 9 3 - Houston 7
TOP OF THE 4TH
District 9 Prawns batting - Pitching for Houston Hammertime : RHP Norberto Méndez
Batting: LHB Leonard Young 0-0: Foul Ball, location: 2F
0-1: SINGLE (Line Drive, 8RS)
Batting: RHB Brian Jackson 0-0: Called Strike
0-1: Called Strike
0-2: DOUBLE (Line Drive, 7LM)
Leonard Young to third
Batting: RHB Lúcio García 0-0: Ball
1-0: Foul Ball, location: 2F
1-1: Foul Ball, location: 2F
1-2: Ball
2-2: Strikes out looking
Batting: RHB Tony Guzmán 0-0: Called Strike
0-1: Foul Ball, location: 2F
0-2: Ball
1-2: Ball
Passed Ball!
Leonard Young scores
Brian Jackson to third
2-2: Fly out, F3 (Popup, 3)
Batting: RHB Félix Sánchez 0-0: Ball
1-0: Ball
2-0: Fly out, F8 (Flyball, 8RD)
Top of the 4th over - 1 run(s), 2 hit(s), 0 error(s), 1 left on base; District 9 4 - Houston 7
BOTTOM OF THE 4TH
Houston Hammertime batting - Pitching for District 9 Prawns : RHP Doug Adams
Now in LF: Enrique Nalasco
Batting: RHB Mario Beltrán 0-0: Ball
1-0: Called Strike
1-1: Swinging Strike
1-2: Foul Ball, location: 2F
1-2: Ball
2-2: Foul Ball, location: 2F
2-2: Ball
3-2: Base on Balls
Batting: LHB Juan Cabañas 0-0: Reached on error, E3 (Groundball, 34S)
Mario Beltrán to third
Batting: RHB Richard Coker 0-0: Ball
1-0: Foul Ball, location: 2F
1-1: Ball
2-1: Ball
3-1: Base on Balls
Batting: RHB Santo Cruz 0-0: Ball
1-0: Ball
Wild Pitch!
Mario Beltrán scores
Juan Cabañas to third
Richard Coker to second
2-0: Ball
3-0: Base on Balls
Batting: LHB Pat Jones 0-0: Ball
1-0: Called Strike
1-1: Ball
2-1: Ball
3-1: Called Strike
3-2: Foul Ball, location: 2F
3-2: Base on Balls
Juan Cabañas scores
Richard Coker to third
Santo Cruz to second
Pitching: RHP António García
Batting: LHB José Villegas 0-0: Ball
1-0: SINGLE (Line Drive, 4M)
Richard Coker scores
Santo Cruz to third
Pat Jones to second
Batting: LHB Bartolo Villanueva 0-0: Ball
1-0: Ball
2-0: Swinging Strike
2-1: Ball
3-1: Called Strike
3-2: DOUBLE (Line Drive, 34D)
Santo Cruz scores
Pat Jones scores
José Villegas to third
Batting: LHB Fernando Camacho 0-0: Called Strike
0-1: Swinging Strike
Passed Ball!
José Villegas scores
Bartolo Villanueva to third
0-2: Ball
1-2: Ball
2-2: SINGLE (Line Drive, 4M)
Bartolo Villanueva scores
Batting: RHB Pepe González 0-0: Called Strike
0-1: Ball
1-1: Called Strike
1-2: Ball
2-2: Foul Ball, location: 2F
2-2: Fly out, F2 (Popup, 15S)
Batting: RHB Mario Beltrán 0-0: Swinging Strike
0-1: Swinging Strike
0-2: Grounds into double play, 4-6-3 (Groundball, 4)
Bottom of the 4th over - 7 run(s), 3 hit(s), 1 error(s), 0 left on base; District 9 4 - Houston 14
TOP OF THE 5TH
District 9 Prawns batting - Pitching for Houston Hammertime : RHP Norberto Méndez
Batting: SHB Mark Pope 0-0: Called Strike
0-1: Ball
1-1: Foul Ball, location: 2F
1-2: Ball
2-2: Fly out, F7 (Line Drive, 7M)
Batting: LHB Leonard Harvey 0-0: SINGLE (Line Drive, 34D)
Batting: RHB Jesús Cruz 0-0: Ball
Leonard Harvey is caught stealing 2nd base
1-0: Called Strike
1-1: Ball
2-1: Ball
3-1: Ground out 4-3 (Groundball, 34)
Top of the 5th over - 0 run(s), 1 hit(s), 0 error(s), 0 left on base; District 9 4 - Houston 14
BOTTOM OF THE 5TH
Houston Hammertime batting - Pitching for District 9 Prawns : RHP António García
Batting: LHB Juan Cabañas 0-0: Ball
1-0: Called Strike
1-1: Foul Ball, location: 2F
1-2: Ball
2-2: Ball
3-2: Base on Balls
Batting: RHB Richard Coker 0-0: Ball
1-0: Ball
2-0: Ball
3-0: Base on Balls
Juan Cabañas to second
Batting: RHB Santo Cruz 0-0: Ball
1-0: SINGLE (Line Drive, 34D)
Juan Cabañas to third
Richard Coker to second
Batting: LHB Pat Jones 0-0: Foul Ball, location: 2F
0-1: Ball
1-1: Swinging Strike
1-2: Ball
2-2: Ball
3-2: Foul Ball, location: 2F
3-2: Foul Ball, location: 2F
3-2: Strikes out swinging
Batting: LHB José Villegas 0-0: Ball
1-0: Ball
2-0: Called Strike
2-1: Swinging Strike
2-2: Hit by Pitch
Juan Cabañas scores
Richard Coker to third
Santo Cruz to second
Batting: LHB Bartolo Villanueva 0-0: Swinging Strike
0-1: Foul Ball, location: 2F
0-2: Ball
1-2: Ball
2-2: Foul Ball, location: 2F
2-2: Strikes out swinging
Batting: LHB Fernando Camacho 0-0: Ball
1-0: Ball
2-0: SINGLE (Line Drive, 6MD)
Richard Coker scores
Santo Cruz to third
José Villegas to second
Runner from 3rd tries for Home, SAFE, no throw or cutoff
Pitching: RHP Eduardo Delgado
Batting: RHB Pepe González 0-0: Foul Ball, location: 2F
0-1: Foul Ball, location: 2F
0-2: Foul Ball, location: 2F
0-2: SINGLE (Line Drive, 9S)
José Villegas to third
Fernando Camacho to second
Runner from 3rd tries for Home, SAFE, throw made home
Fernando Camacho to third
Pepe González to second
Batting: RHB Mario Beltrán 0-0: Ball
1-0: SINGLE (Line Drive, 6M)
Fernando Camacho scores
Pepe González to third
Runner from 3rd tries for Home, SAFE, no throw or cutoff
Batting: LHB Juan Cabañas 0-0: Foul Ball, location: 2F
0-1: Swinging Strike
0-2: Ball
1-2: Ball
2-2: Ball
3-2: Foul Ball, location: 2F
3-2: Ground out U3 (Groundball, 3S)
Bottom of the 5th over - 6 run(s), 4 hit(s), 0 error(s), 1 left on base; District 9 4 - Houston 20
TOP OF THE 6TH
District 9 Prawns batting - Pitching for Houston Hammertime : RHP Norberto Méndez
Batting: RHB Lateef Makini 0-0: Ball
1-0: Ball
2-0: Called Strike
2-1: Ground out 5-3 (Groundball, 56S)
Batting: LHB Leonard Young 0-0: Ground out 4-3 (Groundball, 34)
Batting: RHB Brian Jackson 0-0: DOUBLE (Flyball, 89XD)
Batting: LHB Enrique Nalasco 0-0: Called Strike
0-1: Swinging Strike
0-2: Ball
1-2: Ground out 1-3 (Groundball, 13)
Top of the 6th over - 0 run(s), 1 hit(s), 0 error(s), 1 left on base; District 9 4 - Houston 20
BOTTOM OF THE 6TH
Houston Hammertime batting - Pitching for District 9 Prawns : RHP Eduardo Delgado
Batting: RHB Richard Coker 0-0: Ball
1-0: Called Strike
1-1: Ball
2-1: Ground out 6-3 (Groundball, 6M)
Batting: RHB Santo Cruz 0-0: DOUBLE (Line Drive, 7LD)
Batting: LHB Pat Jones 0-0: Called Strike
0-1: Ball
1-1: Ball
2-1: Foul Ball, location: 2F
2-2: Ground out U3 (Groundball, 3L)
Santo Cruz to third
Batting: LHB José Villegas 0-0: Called Strike
0-1: Foul Ball, location: 2F
0-2: Ball
1-2: Strikes out looking
Bottom of the 6th over - 0 run(s), 1 hit(s), 0 error(s), 1 left on base; District 9 4 - Houston 20
TOP OF THE 7TH
District 9 Prawns batting - Pitching for Houston Hammertime : RHP Norberto Méndez
Pitching: RHP Daniel Félix
Batting: RHB Tony Guzmán 0-0: Swinging Strike
0-1: Ball
1-1: Foul Ball, location: 2F
1-2: Strikes out swinging
Batting: RHB Félix Sánchez 0-0: Swinging Strike
0-1: Ball
1-1: SINGLE (Line Drive, 4MD)
Batting: SHB Mark Pope 0-0: Called Strike
0-1: Ball
1-1: Called Strike
1-2: Ball
2-2: Ball
3-2: DOUBLE (Line Drive, 9LS)
Félix Sánchez to third
Runner from 3rd tries for Home, SAFE, no throw or cutoff
Batting: LHB Leonard Harvey 0-0: Ball
1-0: SINGLE (Groundball, 34D)
Mark Pope to third
Batting: RHB Jesús Cruz 0-0: Called Strike
Leonard Harvey steals 2nd base
0-1: Ball
1-1: Ground out 6-3 (Groundball, 6M)
Mark Pope scores
Leonard Harvey to third
Batting: RHB Lateef Makini 0-0: Ball
1-0: Ball
2-0: Ball
3-0: Called Strike
3-1: Base on Balls
Batting: LHB Leonard Young 0-0: Ball
1-0: Foul Ball, location: 2F
1-1: Called Strike
1-2: Ball
2-2: Ball
3-2: Foul Ball, location: 2F
3-2: Fly out, F7 (Flyball, 7LM)
Top of the 7th over - 2 run(s), 3 hit(s), 0 error(s), 2 left on base; District 9 6 - Houston 20
BOTTOM OF THE 7TH
Houston Hammertime batting - Pitching for District 9 Prawns : RHP Eduardo Delgado
Batting: LHB Bartolo Villanueva 0-0: Foul Ball, location: 2F
0-1: Called Strike
0-2: Foul Ball, location: 2F
0-2: DOUBLE (Line Drive, 6D)
Batting: LHB Fernando Camacho 0-0: Called Strike
0-1: Foul Ball, location: 2F
0-2: Strikes out swinging
Pinch Hitting: RHB Moo-hyun Pak 0-0: Called Strike
0-1: Ground out 1-3 (Groundball, 23)
Bartolo Villanueva to third
Batting: RHB Mario Beltrán 0-0: Called Strike
0-1: Called Strike
0-2: Strikes out looking
Bottom of the 7th over - 0 run(s), 1 hit(s), 0 error(s), 1 left on base; District 9 6 - Houston 20
TOP OF THE 8TH
District 9 Prawns batting - Pitching for Houston Hammertime : RHP Daniel Félix
Now at 2B: Moo-hyun Pak
Batting: RHB Brian Jackson 0-0: Called Strike
0-1: Ball
1-1: Fly out, F7 (Flyball, 7M)
Batting: LHB Enrique Nalasco 0-0: Foul Ball, location: 2F
0-1: Ball
1-1: Ball
2-1: Fly out, F9 (Flyball, 9LM)
Batting: RHB Tony Guzmán 0-0: Ball
1-0: Ball
2-0: Foul Ball, location: 2F
2-1: Foul Ball, location: 2F
2-2: Ball
3-2: Fly out, F8 (Flyball, 8RM)
Top of the 8th over - 0 run(s), 0 hit(s), 0 error(s), 0 left on base; District 9 6 - Houston 20
BOTTOM OF THE 8TH
Houston Hammertime batting - Pitching for District 9 Prawns : RHP Eduardo Delgado
Pitching: RHP Bill McKinney
Batting: LHB Juan Cabañas 0-0: Ball
1-0: Ball
2-0: Ground out U3 (Groundball, 3)
Pinch Hitting: RHB Dan Mason 0-0: Foul Ball, location: 2F
0-1: Ball
1-1: Ball
2-1: Swinging Strike
2-2: Ball
3-2: SINGLE (Groundball, 6MD) (infield hit)
Pinch Hitting: LHB Enrique Valentín 0-0: Ball
1-0: Called Strike
1-1: Fly out, F9 (Flyball, 9LS)
Batting: LHB Pat Jones 0-0: Ball
Balk!
Dan Mason to second
1-0: Called Strike
1-1: Called Strike
1-2: Ball
2-2: Strikes out looking
Bottom of the 8th over - 0 run(s), 1 hit(s), 0 error(s), 1 left on base; District 9 6 - Houston 20
TOP OF THE 9TH
District 9 Prawns batting - Pitching for Houston Hammertime : RHP Daniel Félix
Now at 3B: Domingo Matos
Now at SS: Enrique Valentín
Batting: RHB Félix Sánchez 0-0: Swinging Strike
0-1: Fly out, F7 (Flyball, 78S)
Batting: SHB Mark Pope 0-0: Ball
1-0: Foul Ball, location: 2F
1-1: Ball
2-1: Ball
3-1: Foul Ball, location: 2F
3-2: Base on Balls
Pitching: RHP Pedro Castillo
Batting: LHB Leonard Harvey 0-0: Called Strike
0-1: Called Strike
0-2: Ball
1-2: Ball
2-2: Ground out U3 (Groundball, 3S)
Mark Pope to second
Batting: RHB Jesús Cruz 0-0: Foul Ball, location: 2F
0-1: Ball
1-1: Ball
2-1: Ground out 6-3 (Groundball, 6)
Top of the 9th over - 0 run(s), 0 hit(s), 0 error(s), 1 left on base; District 9 6 - Houston 20
Monday, December 5th, 2016 - OOTP Baseball 17.12 Build 75